 Dungeon Crawl Stone Soup version 0.30.1-11-g7821555f0a (webtiles) character file.

Game seed: 1051181156502655032

416 Condegh the Ruffian (level 6, -4/59 (62) HPs)
             Began as a Troll Monk on Dec 21, 2023.
             Slain by a wight
             ... wielding a +0 great sword
              (12 damage)
             ... on level 4 of the Dungeon.
             The game lasted 00:12:08 (2791 turns).

Condegh the Ruffian (Troll Monk)                    Turns: 2791, Time: 00:12:08

HP:   -4/59 (62)    AC:  5    Str: 20    XL:     6   Next: 60%
MP:   5/5           EV: 10    Int:  8    God:
Gold: 127           SH:  0    Dex: 12    Spells: 5/5 levels left

rFire   . .          .
                       - Unarmed
rCold   . . .        c - orb {light}
rNeg    + . .        a - +0 robe
rPois   .            (helmet restricted)
rElec   .            s - +0 cloak
rCorr   .            (gloves unavailable)
SInv    .            (boots unavailable)
Will    .....        (no amulet)
Stlth   +            t - ring of positive energy
HPRegen 1.09/turn    (no ring)
MPRegen 0.09/turn

%: no passive effects
@: glowing, lightly drained
A: large, unfitting armour, claws 3, regeneration 1, shaggy fur 1, tough skin 1
a: no special abilities


You were on level 4 of the Dungeon.
You visited 1 branch of the dungeon, and saw 4 of its levels.

You collected 127 gold pieces.

Inventory:

Missiles
 n - 2 throwing nets (quivered)
Armour
 a - a +0 robe (worn)
 c - an orb of light (worn)
 s - a +0 cloak (worn)
Jewellery
 t - a ring of positive energy (left claw)
Wands
 l - a wand of flame (6)
Scrolls
 e - a scroll of fog {unknown}
 h - a scroll of vulnerability {unknown}
 i - 2 scrolls of teleportation {unknown}
 k - a scroll of poison {unknown}
 m - a scroll of enchant armour {unknown}
 o - a scroll of noise {unknown}
 q - a scroll of amnesia {unknown}
Potions
 b - a potion of ambrosia
 d - 2 potions of lignification
 f - 5 potions of curing
 g - 3 potions of attraction {unknown}
 j - a potion of invisibility
 p - 2 potions of haste
 r - a potion of flight {unknown}


   Skills:
 + Level 3.7 Fighting
 + Level 3.7 Dodging
 * Level 5.7 Unarmed Combat


You had 5 spell levels left.
You didn't know any spells.
Your spell library contained the following spells:

 Spells                   Type           Power      Damage    Failure   Level
 Summon Small Mammal      Summ           0%         N/A       41%         1
 Call Canine Familiar     Summ           0%         N/A       78%         3
 Summon Guardian Golem    Hex/Summ       0%         N/A       78%         3
 Volatile Blastmotes      Fire/Tloc      0%         2d10      78%         3
 Fulminant Prism          Conj/Hex       0%         3d5       99%         4
 Iskenderun's Mystic Bla  Conj/Tloc      0%         2d3       99%         4
 Lee's Rapid Deconstruct  Erth           0%         3d4*      100%        5


Dungeon Overview and Level Annotations

Branches:
Dungeon (4/15)
 Temple: D:4-7

Altars:
Cheibriados

Shops:
D:1 :


Innate Abilities, Weirdness & Mutations

You are too large for most types of armour.
You have claws for hands.
Your natural rate of healing is unusually fast.
You are covered in fur. (AC +1)
You have tough skin. (AC +1)


Message History

a +0 giant spiked club; an ogre corpse 2 wights come into view.
A wight comes into view. It is wielding a +1 flail.
Things that are here:
a +0 giant spiked club; an ogre corpse
Things that are here:
a +0 battleaxe; a +0 robe A wight comes into view.
It is wielding a +0 trident.
You barely miss the wight. The wight closely misses you.
The wight hits you from afar with a +0 halberd.
You partially resist.
You feel drained.
You scratch the wight.
The wight is lightly damaged.
The wight hits you with a +0 great sword.
You partially resist.
You feel drained. The wight closely misses you.
You scratch the wight.
The wight is lightly damaged.
The wight hits you with a +0 great sword!
The wight hits you from afar with a +0 halberd!
You partially resist.
You feel drained.
You scratch the wight.
The wight is heavily damaged.
You barely miss the wight.
The wight is heavily damaged.
The wight hits you with a +0 great sword.
The wight closely misses you.
You barely miss the wight.
The wight is heavily damaged.
The wight hits you with a +0 great sword!
The wight hits you from afar with a +0 halberd!
* * * LOW HITPOINT WARNING * * *
You barely miss the wight.
The wight is heavily damaged.
The wight barely misses you. x2
You scratch the wight.
The wight is heavily damaged.
The wight hits you from afar with a +0 trident.
* * * LOW HITPOINT WARNING * * *
The wight hits you with a +0 great sword!
You die...

#.# #........... #.# #..)........
#.#############.....
##############...................
....#.........##########...###...
....#.........### ##.......>
................##########.###...
..............z##.#.#.#.#...##...
......†...z..#zz@................
.............#.##.#.#.#.##..#....
####.........#.##########..<.....
#######...#.# #######.#.#....
#...#.####.......#......
#######.........<...#..###..#.
####.........#.#########..# #..##
..##.......#.#.#########..# #....
..##.......#.#....<.......###....


You could see 3 wights.

Vanquished Creatures
  An ogre (D:4)
  A wight (D:4)
  Crazy Yiuf (D:3)
  A hound (D:4)
  An iguana (D:4)
  6 gnolls
  4 adders
  2 worms
  2 dart slugs
  9 orcs (D:3)
  4 ball pythons
  5 endoplasms
  3 giant cockroaches
  9 goblins
  9 hobgoblins
  6 kobolds
  6 quokkas
  3 bats
  5 frilled lizards
  6 rats
84 creatures vanquished.

Notes
Turn   | Place    | Note
-------+----------+-------------------------------------------
     0 | D:1      | Condegh the Troll Monk began the quest for the Orb.
     0 | D:1      | Reached XP level 1. HP: 22/22 MP: 0/0
   112 | D:1      | Found Wiunat's Book Boutique.
   117 | D:1      | Reached XP level 2. HP: 29/29 MP: 1/1
   206 | D:1      | Found a faded altar of an unknown god.
   823 | D:2      | Reached XP level 3. HP: 36/36 MP: 2/2
   971 | D:2      | Found a snail-covered altar of Cheibriados.
  1378 | D:2      | Reached skill level 4 in Unarmed Combat
  1380 | D:2      | Reached XP level 4. HP: 39/44 MP: 3/3
  2123 | D:3      | Found a runed translucent door.
  2124 | D:3      | Noticed Crazy Yiuf
  2129 | D:3      | Killed Crazy Yiuf
  2130 | D:3      | Reached XP level 5. HP: 53/53 MP: 4/4
  2370 | D:4      | Reached skill level 5 in Unarmed Combat
  2690 | D:4      | Reached XP level 6. HP: 61/61 MP: 5/5
  2791 | D:4      | Slain by a wight

Illustrated notes

Levels and vault maps discovered:
D:1:      dpeg_arrival_tiny_i, layout_basic, ebering_ecumenical_altar_abandoned,
          serial_shops, nicolae_book_shop_shelving
D:2:      layout_basic, basic_altar
D:3:      kennysheep_six_static_rooms, layout_loops_cross,
          amcnicky_altar_gilded, uniq_crazy_yiuf_cottage
D:4:      layout_basic, minmay_misc_feat_hallway, nicolae_specific_store

Skill      XL: |  1  2  3  4  5 |
---------------+----------------+-----
Unarmed Combat | 4 5 |  5.7
Fighting       | 3 |  3.7
Dodging        | 3 |  3.7

Action                     |  1- 3 |  4- 6 || total
---------------------------+-------+-------++-------
  Melee: Unarmed           |    71 |   106 ||   177
    Use: Scroll            |       |     4 ||     4
 Armour: Robe              |    11 |    17 ||    28
  Dodge: Dodged            |    25 |    39 ||    64
